 Dungeon Crawl Stone Soup version 0.28-a0-802-g09f76e8c00 (webtiles) character file.

Game seed: 7291562203064849465

110 croobank the Stinger (level 4, -6/27 HPs)
             Began as an Octopode Venom Mage on Nov 6, 2021.
             Mangled by Grinder (10 damage)
             ... while paralysed by Grinder
             ... on level 3 of the Dungeon.
             The game lasted 00:14:53 (3292 turns).

croobank the Stinger (Octopode Venom Mage)          Turns: 3292, Time: 00:14:53

Health: -6/27      AC:  1    Str:  8    XL:     4   Next: 91%
Magic:  7/7        EV:  2    Int: 17    God:
Gold:   156        SH:  0    Dex: 12    Spells: 1/8 levels left

rFire   . . .      SeeInvis .   g - +0 short sword
rCold   . . .      Faith    .   (no shield)
rNeg    . . .      Spirit   .   (helmet restricted)
rPois   .          Reflect  .   (no amulet)
rElec   .          Harm     .   (no ring)
rCorr   .          Rampage  .   (no ring)
Will    .....                   (no ring)
Stlth   +++.......              (no ring)
HPRegen 0.09/turn               (no ring)
MPRegen 0.10/turn               (no ring)
                                (no ring)
                                (no ring)

@: paralysed, hasted
A: almost no armour, amphibious, 8 rings, camouflage 1, gelatinous body 1,
(nimble swimmer 1), tentacles
a: no special abilities


You were on level 3 of the Dungeon.
You visited 1 branch of the dungeon, and saw 3 of its levels.

You collected 156 gold pieces.

Inventory:

Hand Weapons
 a - a +0 dagger
 g - a +0 short sword (weapon)
 k - a +0 hunting sling
Missiles
 c - 28 stones
Scrolls
 b - a scroll of fear {unknown}
 e - 4 scrolls of magic mapping {unknown}
 h - a scroll of vulnerability {unknown}
 i - 2 scrolls of teleportation {unknown}
Potions
 f - a potion of attraction {unknown}
 j - a potion of brilliance {unknown}
 l - a potion of cancellation {unknown}


   Skills:
 + Level 0.5 Fighting
 + Level 0.2 Short Blades
 + Level 2.4 Dodging
 + Level 3.0 Stealth
 + Level 0.2 Unarmed Combat
 + Level 2.5 Spellcasting
 + Level 1.8 Transmutations
 + Level 5.1 Poison Magic


You had one spell level left.
You knew the following spells:

 Your Spells              Type           Power      Damage    Failure   Level
a - Sting                 Tmut/Pois      56%        1d5       4%          1
b - Poisonous Vapours     Pois/Air       20%        N/A       10%         2
c - Olgreb's Toxic Radia  Pois           19%        N/A       22%         4

Your spell library contained the following spells:

 Spells                   Type           Power      Damage    Failure   Level
 Mephitic Cloud           Conj/Pois/Air  7%         N/A       26%         3
 Alistair's Intoxication  Tmut/Pois      9%         N/A       77%         5
 Borgnjor's Vile Clutch   Necr/Erth      1%         N/A       99%         5
 Eringya's Noxious Bog    Tmut/Pois      7%         N/A       100%        6


Dungeon Overview and Level Annotations

Branches:
Dungeon (3/15)

Altars:

Annotations:
D:3 Grinder


Innate Abilities, Weirdness & Mutations

You cannot wear most types of armour.
You are amphibious.
You can wear up to eight rings at the same time.
Your skin changes colour to match your surroundings (Stealth+).
Your rubbery body absorbs attacks. (AC +1, EV +1)
((You are camouflaged near water. (Stealth+)))
You have tentacles for arms and can constrict up to eight enemies at once.


Message History

Memorise Poisonous Vapours, consuming 2 spell levels and leaving 5?
You start memorising the spell.
You continue memorising. x2
You finish memorising.
Spell assigned to 'b'.
This spell is extremely dangerous to cast!
Memorise Mephitic Cloud, consuming 3 spell levels and leaving 2?
Okay, then.
This spell is potentially lethal to cast!
Memorise Olgreb's Toxic Radiance, consuming 4 spell levels and leaving 1? [Y]es or [N]o only, please.
Memorise Olgreb's Toxic Radiance, consuming 4 spell levels and leaving 1?
You start memorising the spell.
You continue memorising. x4
You finish memorising.
Spell assigned to 'c'.
Your extra speed is starting to run out.
The helpless endoplasm fails to defend itself.
You puncture the endoplasm!
You kill the endoplasm!
You feel yourself slow down.
Grinder comes into view.
Grinder shouts!
Grinder moves out of view.
Grinder blinks!
There is a stone staircase leading up here.
You feel yourself speed up. Grinder gestures at you.
You resist with significant effort.
You hit Grinder. Your grab misses Grinder.
Grinder is lightly wounded.
You hit Grinder. Your grab misses Grinder.
Grinder is lightly wounded.
Grinder gestures at you.
You suddenly lose the ability to move!
Grinder gestures at you.
You shrug off the repeated paralysis!
Grinder hits you.
You writhe in agony.
Grinder hits you!
* * * LOW HITPOINT WARNING * * *
You writhe in agony.
* * * LOW HITPOINT WARNING * * *
Grinder hits you!
You die...

#.#.#########...........#
#.#.#########...........# ##
#.#................#########.
#.#.........#......#≈≈≈≈≈≈≈##
#.#.#######.#.#.####≈##.##≈#
#.#.....###.#.#.####≈#.#[#≈##
#.#>.............§.#≈.#⌠#.≈#.
#####.#.....###.#5#.##.#≈#.#.#≈#.
#.......######..@.#.# .#≈##.##≈#.
#............'.<..#.. .#≈≈≈.≈≈≈#.
#......#######...#####.####'####.
#......+............# .. #......
#......#######......# .. #......
#......# #......# .. #......
#......# #......# #.[[...
#......# #......# #......
######## #......# #......


You could see Grinder.

Vanquished Creatures
  Natasha (D:3)
  A white imp (D:3)
  3 dart slugs
  6 ball pythons
  6 bats
  A bat zombie (D:1)
  11 endoplasms
  A giant cockroach (D:2)
  6 goblins
  6 hobgoblins
  6 jackals
  7 frilled lizards
  A jackal zombie (D:1)
  4 kobolds
  9 rats
69 creatures vanquished.

Notes
Turn   | Place    | Note
-------+----------+-------------------------------------------
     0 | D:1      | croobank the Octopode Venom Mage began the quest for the
                  | Orb.
     0 | D:1      | Reached XP level 1. HP: 11/11 MP: 3/3
    87 | D:1      | Reached skill level 4 in Poison Magic
   100 | D:1      | Reached XP level 2. HP: 10/17 MP: 0/5
   411 | D:1      | Reached XP level 3. HP: 7/21 MP: 0/6
  1534 | D:2      | Found a faded altar of an unknown god.
  2055 | D:2      | You fall into a shaft and drop 1 floor!
  2066 | D:3      | Reached XP level 4. HP: 18/27 MP: 7/7
  3175 | D:3      | Noticed Natasha
  3187 | D:3      | Killed Natasha
  3188 | D:3      | Reached skill level 5 in Poison Magic
  3222 | D:3      | Learned a level 2 spell: Poisonous Vapours
  3227 | D:3      | Learned a level 4 spell: Olgreb's Toxic Radiance
  3273 | D:3      | Noticed Grinder
  3288 | D:3      | Paralysed by Grinder for 7 turns
  3292 | D:3      | Mangled by Grinder

Illustrated notes

Levels and vault maps discovered:
D:1:      saegor_arrival_fortress, layout_rooms, minmay_lizard_pond
D:2:      layout_loops_ring, chequers_ecumenical_altar_simple_redux,
          st_stairs_8, minmay_fractal_squares_gapless_5
D:3:      layout_basic, kennysheep_generic_room_9, uniq_natasha, uniq_grinder

Skill      XL: |  1  2  3  4 |
---------------+-------------+-----
Poison Magic   | 4 5 |  5.1
Stealth        | 3 |  3.0
Fighting       | |  0.5
Short Blades   | |  0.2
Dodging        | |  2.4
Unarmed Combat | |  0.2
Spellcasting   | |  2.5
Transmutations | |  1.8

Action                   |  1- 3 |  4- 6 || total
-------------------------+-------+-------++-------
Melee: Unarmed           |    19 |       ||    19
       Tentacles         |    14 |     3 ||    17
       Constrict         |    23 |     4 ||    27
       Dagger            |    49 |       ||    49
       Short sword       |    19 |    25 ||    44
 Cast: Sting             |    34 |    21 ||    55
  Use: Scroll            |     1 |       ||     1
       Potion            |       |     2 ||     2
 Stab: Sleeping          |     1 |     1 ||     2
Armor: Skin              |     9 |       ||     9
Dodge: Dodged            |    87 |     8 ||    95

Table legend: (Time is in decaauts)
 A = Elapsed time spent in this place.
 B = Non-inter-level travel time spent in this place.
 C = Inter-level travel time spent in this place.
 D = Time resting spent in this place.
 E = Time spent auto-exploring this place.
 F = Levels seen in this place.
 G = Mean time per level.
                   A        B        C        D        E       F      G
               +--------+--------+--------+--------+--------+-----+--------+
         Total |   3275 |   3237 |     38 |   1206 |   1400 |   3 | 1091.7 |
       Dungeon |   3275 |   3237 |     38 |   1206 |   1400 |   3 | 1091.7 |
               +--------+--------+--------+--------+--------+-----+--------+

Top non-repeatable levels by time:
     D:1: 1385 daAuts
     D:3: 1092 daAuts
     D:2: 798 daAuts
